[Event "TUR-ch U13-18 Open 2023"]
[Site "Antalya"]
[Date "2023.01.28"]
[Round "10"]
[White "Binboga, Yaman"]
[Black "Demirtas, Alper"]
[Result "1/2-1/2"]
[ECO "C10"]
[WhiteElo "1641"]
[BlackElo "1990"]
[Annotator "TA"]
[PlyCount "63"]
[EventDate "2023.01.17"]
[EventType "swiss"]
[EventCountry "TUR"]
[SourceTitle "playchess.com"]
[Source "ChessBase"]
[SourceQuality "1"]
[TimeControl "5400+30"]

1. e4 e6 2. d4 d5 3. Nc3 dxe4 4. Nxe4 Nd7 5. Nf3 Ngf6 6. Bd3 Be7 7. Nxf6+ Nxf6 8. Qe2 O-O 9. Bg5 Nd5 10. Bd2 {[%emt 0:00:30] C10: French with 3 Nc3: Unusual Black 3rd moves and 3...dxe4.} ({Don't play} 10. Qe4 f5 11. Qh4 Bxg5 12. Qxg5 (12. Nxg5 h6 $11) 12... Qxg5 13. Nxg5 h6 $11) (10. h4 $5) 10... Qd6 {[%emt 0:08:30] [#]} 11. Ne5 $146 ({Predecessor:} 11. O-O Nf4 12. Bxf4 Qxf4 13. c3 Bd6 14. Rfe1 c5 15. Rad1 b6 16. g3 Qg4 17. h3 Qh5 {1-0 Oadeoiiia,A-Aiaaeaiia,N corr 1997}) 11... c5 12. dxc5 {[%emt 0:07:30] White is slightly better.} Qxc5 13. O-O Bf6 (13... Nb4 $11) 14. Rfe1 {[%emt 0:10:30] White is more active.} (14. Rad1 $5) 14... g6 15. c4 Nb4 16. Bc3 Nc6 $2 {[%emt 0:07:30] [#]} (16... Bxe5 $11 17. Bxe5 f6) 17. Rad1 $2 (17. Nd7 $1 $18 Bxd7 18. Bxf6) 17... Nxe5 {[%emt 0:07:30] The position is equal.} 18. Bxe5 Bxe5 19. Qxe5 Qxe5 20. Rxe5 Rd8 21. Ree1 Bd7 22. Be4 Bc6 23. Bxc6 bxc6 $11 {[%emt 0:00:00][%mdl 4096] Endgame KRR-KRR} 24. Kf1 Kf8 25. Ke2 Ke7 26. Rxd8 Rxd8 {[%emt 0:01:30] KR-KR} 27. Rd1 Rb8 28. Rd2 g5 29. Kd3 h5 30. Kc3 c5 31. Rd3 a5 32. Kc2 {[%emt 0:01:30] Weighted Error Value: White=0.18 (very precise) /Black=0.19 (very precise)} 1/2-1/2

[Event "TUR-ch U13-18 Open 2023"]
[Site "Antalya"]
[Date "2023.01.28"]
[Round "10"]
[White "Ozcan, Alp Orcun"]
[Black "Engin, Onur Cinar"]
[Result "0-1"]
[ECO "B11"]
[WhiteElo "1571"]
[BlackElo "1990"]
[Annotator "TA"]
[PlyCount "52"]
[EventDate "2023.01.17"]
[EventType "swiss"]
[EventCountry "TUR"]
[SourceTitle "playchess.com"]
[Source "ChessBase"]
[SourceQuality "1"]
[TimeControl "5400+30"]

1. e4 c6 2. Nf3 d5 3. Nc3 dxe4 4. Nxe4 Nf6 5. Qe2 Nxe4 6. Qxe4 Nd7 {[%emt 0:00:00] B11: Caro-Kann: Two Knights Variation.} 7. Bc4 {[%emt 0:00:00] Ng5 would be deadly.} Nf6 {[%emt 0:00:00] [#]} 8. Ne5 $1 e6 {[%emt 0:00:30] White has an edge.} 9. Qe2 b5 10. Bd3 ({Much weaker is} 10. Nxc6 Qc7 11. Bd3 (11. Bxb5 a6 $17) 11... a6 $11) 10... Qc7 {[%emt 0:06:30] [#]} 11. Nxc6 Bb7 $15 (11... Qxc6 $2 12. Bxb5 $18) 12. Ne5 a6 {[%emt 0:00:30][%mdl 1024] Black has compensation.} 13. f4 {[%emt 0:08:30] [#]} Bc5 $146 ({Predecessor:} 13... Bd6 14. O-O Nd5 15. Be4 Bxe5 16. fxe5 Qxe5 17. Rf2 Qc7 18. d4 O-O-O 19. c3 f6 {1-0 Alvarez Barrallo,R (1183)-Uber Gracia,H (1952) ESP-ch U12 Salobrena 2022 (7)}) 14. Rf1 O-O 15. c3 Rfd8 16. Bc2 b4 {[%emt 0:02:30] Black is more active.} 17. d4 {[%emt 0:01:30] [#]} (17. g4 $17) 17... bxc3 $1 $19 18. dxc5 {[%emt 0:17:30] [#]} cxb2 19. Bxb2 (19. Bxh7+ Nxh7 20. Qxb2) 19... Qa5+ 20. Kf2 Rd2 (20... Qxc5+ $2 21. Kg3 $18) 21. Rfe1 Qxc5+ 22. Kf1 Qxc2 23. Qe3 {[%emt 0:02:00] White is weak on the light squares} Bxg2+ 24. Kg1 Bd5 {[%emt 0:00:30] Black mates.} (24... Qxb2 25. Nc4 Nd5 26. Qxd2 Qxd2 27. Nxd2 Nxf4 28. Rac1 $17) 25. Nf3 Rg2+ ({Stronger than} 25... Qxb2 26. Qxd2 Qa3 27. Ne5 $17) 26. Kh1 Rxh2+ {[%emt 0:00:30] Black took control after the opening. Excellently played by Engin!   Weighted Error Value: White=0.93/Black=0.01 (flawless)} 0-1

[Event "TUR-ch U13-18 Open 2023"]
[Site "Antalya"]
[Date "2023.01.28"]
[Round "10"]
[White "Tezcan, Alper"]
[Black "Gupluce, Melih"]
[Result "1/2-1/2"]
[ECO "B11"]
[WhiteElo "1568"]
[BlackElo "1309"]
[Annotator "NA RC COMBH"]
[PlyCount "80"]
[EventDate "2023.01.17"]
[EventType "swiss"]
[EventCountry "TUR"]
[SourceTitle "playchess.com"]
[Source "ChessBase"]
[SourceQuality "1"]
[TimeControl "5400+30"]

1. e4 c6 2. Nc3 d5 3. Nf3 Bg4 4. Be2 Nf6 5. exd5 cxd5 6. h3 Bxf3 7. Bxf3 Nc6 8. d4 e6 9. O-O Bd6 10. Re1 O-O 11. a3 Qb6 12. Ne2 Rad8 13. c3 e5 14. dxe5 Bxe5 15. Qa4 d4 16. Bxc6 dxc3 17. Nxc3 Bxc3 18. bxc3 Qxc6 19. Qxc6 bxc6 20. Be3 a6 21. c4 Rfe8 22. Rab1 Rb8 23. Rxb8 Rxb8 24. Bf4 Rb3 25. Rd1 h6 26. Rd6 Ne4 27. Rxc6 Rxa3 28. f3 Nc3 29. Rc8+ Kh7 30. Kh2 a5 31. c5 Ra4 32. Bg3 Rc4 33. c6 Ne2 34. Bd6 Nd4 35. c7 Ne6 36. Bg3 Rc5 37. Bd6 Rc3 38. Rb8 Nxc7 39. Rc8 a4 40. Bxc7 a3 1/2-1/2

[Event "TUR-ch U13-18 Open 2023"]
[Site "Antalya"]
[Date "2023.01.28"]
[Round "10"]
[White "Harmansa, Kagan"]
[Black "Yamakoglu, Mustafa Ege"]
[Result "0-1"]
[ECO "B72"]
[WhiteElo "1519"]
[BlackElo "1372"]
[Annotator "NA RC COMBH"]
[PlyCount "50"]
[EventDate "2023.01.17"]
[EventType "swiss"]
[EventCountry "TUR"]
[SourceTitle "playchess.com"]
[Source "ChessBase"]
[SourceQuality "1"]
[TimeControl "5400+30"]

1. e4 c5 2. Nf3 d6 3. d4 cxd4 4. Nxd4 Nf6 5. Nc3 g6 6. Be3 Bg7 7. Bc4 a6 8. Bb3 Nbd7 9. f3 Qc7 10. Qd2 h5 11. O-O-O b5 12. Nde2 Nb6 13. e5 dxe5 14. Bxb6 Qxb6 15. Nd5 Nxd5 16. Qxd5 O-O 17. Qxa8 Bb7 18. Qxf8+ Bxf8 19. Nc3 e6 20. Rhe1 b4 21. Ne4 Bxe4 22. fxe4 Qf2 23. Rf1 Qxg2 24. Kb1 h4 25. Rf6 Be7 0-1

[Event "TUR-ch U13-18 Open 2023"]
[Site "Antalya"]
[Date "2023.01.28"]
[Round "10"]
[White "Akkaya, Atakan"]
[Black "Turkmen, Yusuf Cagan"]
[Result "0-1"]
[ECO "B45"]
[WhiteElo "1506"]
[BlackElo "1943"]
[Annotator "TA"]
[PlyCount "62"]
[EventDate "2023.01.17"]
[EventType "swiss"]
[EventCountry "TUR"]
[SourceTitle "playchess.com"]
[Source "ChessBase"]
[SourceQuality "1"]
[TimeControl "5400+30"]

1. e4 c5 2. Nf3 e6 3. d4 cxd4 4. Nxd4 Nf6 5. Nc3 Nc6 6. Nxc6 bxc6 7. e5 Nd5 8. Ne4 Qc7 9. f4 Rb8 {[%emt 0:00:00] B45: Sicilian Four Knights.} (9... Qb6 $11) 10. c4 $14 Bb4+ 11. Kf2 ({White should play} 11. Ke2 $14) 11... O-O {[%emt 0:00:00] [#]} 12. Bd3 $146 {[%emt 0:18:30] [#]} (12. a3 $16 Be7 13. cxd5 cxd5 14. Nc3) ({Predecessor:} 12. cxd5 cxd5 13. a3 Be7 14. Nc3 f6 15. exf6 Rxf6 16. Qd3 Rxf4+ 17. Ke1 Rf5 18. Be2 {1-0 Liang,A (2587)-Yoo,C (2466) Kramnik Challenge rapid 2021 (7)}) 12... f6 $1 13. cxd5 (13. a3 Nxf4) 13... cxd5 14. Nxf6+ {[%emt 0:14:30][%mdl 64] Discovered Attack} gxf6 15. Qg4+ Kh8 16. exf6 (16. Be3 $2 d4 17. Bc1 (17. Bxd4 $2 Bc5 $19) 17... fxe5 $19) 16... Bc5+ 17. Ke2 {[%emt 0:04:22] [#]} (17. Kf1 $17 {keeps fighting.} d6 18. Qg5) 17... Rxf6 (17... d6 $1 $19 {And now ...Rg8 would win.} 18. Qh4 e5 19. fxe5 Rb4) 18. Qh5 {[%emt 0:01:38] [#]} (18. Rf1 $17) 18... d6 $1 $19 {[%emt 0:03:30] White must now prevent ...Qg7.} (18... h6 19. b3 d6 20. Bb2 $17) 19. g4 (19. Qe8+ $17 Kg7 20. Qh5) 19... Qf7 (19... e5 $19 20. fxe5 (20. Qe8+ $2 Kg7 $19) 20... dxe5) 20. Qh4 $2 {[%emt 0:00:30][%mdl 8192] This costs White the game.} (20. Qxf7 $17 Rxf7 21. Kd1) 20... Bd4 $2 (20... e5 $19 {has better winning chances.} 21. Ke1 e4) 21. g5 {[%emt 0:03:33] [#]} (21. Rd1 $17) 21... Rf5 $1 22. Bd2 $2 (22. Qh6) (22. Re1 Bd7) 22... e5 {[%emt 0:07:30][%cal Be6e5,Be5e4,Be4d3][%mdl 32] Hoping for ...e4.} ({Weaker is} 22... Rxb2 23. Rac1 Bd7 24. Rc7 $17) 23. Rhg1 (23. Kd1 $142 e4 24. g6 Qxg6 25. Qd8+ Qg8 26. Qxg8+ Kxg8 27. Bc2) 23... e4 24. g6 exd3+ 25. Kf3 Qg7 26. Bc3 Bxc3 27. gxh7 Bf6 28. Qe1 Qf7 {[%emt 0:01:34] Black mates.} ({Much less strong is} 28... Qxh7 29. Qe8+) 29. Rc1 Qh5+ ({Don't play} 29... Qxh7 30. Qe8+) 30. Ke3 d4+ 31. Kd2 Rxb2+ {[%emt 0:00:00] Magnificent play by Turkmen!   Weighted Error Value: White=1.19/Black=0.34} 0-1

[Event "TUR-ch U13-18 Open 2023"]
[Site "Antalya"]
[Date "2023.01.28"]
[Round "10"]
[White "Bozkurt, Suleyman Safa"]
[Black "Alpaslan, Utku"]
[Result "1-0"]
[ECO "B22"]
[WhiteElo "1463"]
[BlackElo "1765"]
[Annotator "NA RC COMBH"]
[PlyCount "53"]
[EventDate "2023.01.17"]
[EventType "swiss"]
[EventCountry "TUR"]
[SourceTitle "playchess.com"]
[Source "ChessBase"]
[SourceQuality "1"]
[TimeControl "5400+30"]

1. e4 c5 2. c3 Nf6 3. e5 Nd5 4. Nf3 Nc6 5. d4 cxd4 6. cxd4 d6 7. Bc4 dxe5 8. dxe5 Be6 9. O-O g6 10. Qb3 Qd7 11. Rd1 Na5 12. Bb5 Nxb3 13. Bxd7+ Bxd7 14. axb3 Be6 15. Ra5 Nc7 16. Nd4 Bg7 17. Nxe6 fxe6 18. f4 a6 19. Rc5 Nd5 20. Nc3 Nb4 21. Rc7 b5 22. Rdd7 Bf8 23. Be3 Rd8 24. Rxd8+ Kxd8 25. Ra7 Ke8 26. Ne4 Nd5 27. Bd2 1-0